 Dungeon Crawl Stone Soup version 0.17-b1-36-g7b1967c (webtiles) character file.

1348 hexophile the Basher (level 8, -2/63 HPs)
             Began as a Ghoul Fighter on Nov 6, 2015.
             Slain by a killer bee (3 damage)
             ... on level 6 of the Dungeon.
             The game lasted 00:06:35 (5114 turns).

hexophile the Basher (Ghoul Fighter)                Turns: 5114, Time: 00:06:35

Health: -2/63      AC:  8    Str: 20    XL:     8   Next: 62%
Magic:  7/7        EV:  7    Int:  5    God:
Gold:   381        SH:  8    Dex:  8    Spells: 0 memorised, 7 levels left

rFire  . . .     SeeInvis .     a - +1 flail
rCold  + . .     Clarity  .     b - +0 scale mail
rNeg   + + +     SustAt   .     c - +0 shield
rPois  ∞         Gourm    .     (no helmet)
rElec  .         Spirit   .     g - +0 cloak
rCorr  .         Warding  .     p - +0 pair of gloves
rMut   .         Rnd*Tele +     (no boots)
MR     .....                    (no amulet)
Stlth  ..........               (no ring)
                                w - ring of teleportation (curse) {+/*tele}

@: very slightly contaminated, rotting, invisible, not resistant to hostile
enchantments, extremely unstealthy
A: rotting body, claws 1, carnivore 3, cold resistance 1, negative energy
resistance 3, slow regeneration 1, torment resistance, unbreathing
a: Evoke Teleportation


You were on level 6 of the Dungeon.
You were not hungry.

You visited 1 branch of the dungeon, and saw 7 of its levels.

You collected 381 gold pieces.


Innate Abilities, Weirdness & Mutations

Your body is rotting away.
You thrive on raw meat.
You are immune to poison.
You have sharp fingernails.
You are carnivorous and can eat meat at any time.
Your flesh is cold resistant.
You are immune to negative energy.
You regenerate slowly when monsters are visible.
You are immune to unholy pain and torment.
You can survive without breathing.

Inventory:

Hand Weapons
 a - a +1 flail (weapon)
Missiles
 o - 11 poisoned needles
Armour
 b - a +0 scale mail (worn)
 c - a +0 shield (worn)
 g - a +0 cloak (worn)
 p - a +0 pair of gloves (worn)
Jewellery
 w - a cursed ring of teleportation (left hand) {+/*tele}
Wands
 i - a wand of flame (41)
Scrolls
 f - 5 scrolls of identify
 m - a scroll of enchant weapon
Comestibles
 e - 5 meat rations
 h - 3 fruits
 r - 5 bread rations
 u - 2 royal jellies


You had 7 spell levels left.
You didn't know any spells.


   Skills:
 - Level 3.2 Fighting
 * Level 9.6 Maces & Flails
 - Level 2.6 Armour
 - Level 2.6 Shields

Dungeon Overview and Level Annotations

Branches:
Dungeon (7/15)
 Temple: D:4-7

Altars:
Ashenzari
Elyvilon
Gozag
Nemelex Xobeh
Ru
Vehumet
Xom

Shops:
D:7 (

Vault maps used:
D:1:      tarquinn_simple_flora_water_c
D:2:      minmay_crystal_room
D:3:      nemelex_xobeh_ov_fountains_minmay, minmay_joined_circles
D:4:      nicolae_ru_path_of_blood, nicolae_overflow_crystal_walls,
          nicolae_overflow_hidden_temple
D:5:      first_bread
D:6:      elyvilon_altar_3, amethyst_overflow_temple_binary,
          uniq_prince_ribbit1, uniq_eustachio
D:7:      slow_altar_2, overflow_temple_1_default,
          minmay_temple_entry_glassed_door, serial_shops,
          nicolae_shop_overgrown_old_shop, enter_bailey_3
You       could see a killer bee.


Message History

You are very lightly contaminated with residual magic.
You lost 7 HP.
You have now: 15/63 HP.
You block the killer bee's attack. The killer bee closely misses you.
The killer bee completely misses the plant.
The killer bee barely misses you.
The killer bee stings something but does no damage.
The killer bee stings something but does no damage.
The killer bee stings you.
* * * LOW HITPOINT WARNING * * *
The giant frog hits you but does no damage.
The killer bee stings the plant but does no damage.
You lost 2 HP.
You have now: 14/63 HP.
The killer bee closely misses you.
There is a stone staircase leading up here.
The killer bee stings you.
* * * LOW HITPOINT WARNING * * *
The killer bee stings you.
* * * LOW HITPOINT WARNING * * *
You climb upwards.
There is a stone staircase leading down here.
Unknown command.
Unknown command.
Unknown command.
Unknown command.
Unknown command.
You lost 5 HP.
You have now: 9/63 HP.
Unknown command.
You completely miss the killer bee.
The killer bee is lightly wounded.
You block the killer bee's attack. The killer bee stings you.
* * * LOW HITPOINT WARNING * * *
You lost 6 HP.
You have now: 3/63 HP.
Read which item? (? for menu, Esc to quit)
Okay, then.
The killer bee closely misses you.
Unknown command.
The killer bee stings you but does no damage.
You block the killer bee's attack. The killer bee closely misses you.
There is a stone staircase leading down here.
The killer bee stings you but does no damage.
The killer bee stings you but does no damage.
The killer bee stings you but does no damage.
You sock the killer bee!
The killer bee is heavily wounded.
The killer bee stings you.
* * * LOW HITPOINT WARNING * * *
The killer bee stings you.
You die...

Action                   |  1- 3 |  4- 6 |  7- 9 || total
-------------------------+-------+-------+-------++-------
Melee: Flail             |   117 |   234 |   196 ||   547
  Use: Potion            |       |     3 |     3 ||     6
       Scroll            |       |       |    10 ||    10
  Eat: Chunk             |       |    13 |    15 ||    28
       Meat ration       |       |       |     1 ||     1

Notes
Turn   | Place    | Note
--------------------------------------------------------------
     0 | D:1      | hexophile the Ghoul Fighter began the quest for the Orb.
     0 | D:1      | Reached XP level 1. HP: 19/19 MP: 0/0
   130 | D:1      | Reached skill level 2 in Maces & Flails
   319 | D:1      | Reached XP level 2. HP: 19/24 MP: 1/1
   525 | D:2      | Reached skill level 3 in Maces & Flails
   525 | D:2      | Reached XP level 3. HP: 26/28 MP: 2/2
   792 | D:2      | Reached XP level 4. HP: 23/34 MP: 3/3
   854 | D:2      | Reached skill level 4 in Maces & Flails
  1249 | D:3      | Found a sparkling altar of Nemelex Xobeh.
  1709 | D:4      | Reached XP level 5. HP: 36/44 MP: 4/4
  1743 | D:4      | Found an opulent altar of Gozag.
  1860 | D:4      | Reached skill level 5 in Maces & Flails
  1871 | D:4      | Found a shimmering altar of Xom.
  1995 | D:4      | Noticed a phantom
  2063 | D:4      | Killed a phantom
  2063 | D:4      | Reached XP level 6. HP: 12/51 MP: 5/5
  2151 | D:4      | Reached skill level 6 in Maces & Flails
  2229 | D:4      | Found a sacrificial altar of Ru.
  2553 | D:5      | Entered Level 5 of the Dungeon
  3025 | D:5      | Reached XP level 7. HP: 54/57 MP: 6/6
  3178 | D:5      | Reached skill level 7 in Maces & Flails
  3829 | D:6      | Found a white marble altar of Elyvilon.
  3871 | D:6      | Noticed Eustachio
  3912 | D:6      | Killed Eustachio
  3912 | D:6      | Reached skill level 8 in Maces & Flails
  3912 | D:6      | Reached XP level 8. HP: 23/63 MP: 7/7
  4064 | D:6      | HP: 2/63 [gnoll/spear (4)]
  4462 | D:6      | Noticed Prince Ribbit
  4479 | D:6      | Killed Prince Ribbit
  4479 | D:6      | Reached skill level 9 in Maces & Flails
  4722 | D:6      | Found a radiant altar of Vehumet.
  4723 | D:6      | Found a shattered altar of Ashenzari.
  5073 | D:7      | Found Solum's Antique Weapon Boutique.
  5106 | D:6      | HP: 3/63 [killer bee (6)]
  5114 | D:6      | HP: 1/63 [killer bee (3)]
  5114 | D:6      | Slain by a killer bee

Table legend:
 A = Turns spent in this place as a percentage of turns spent in the entire game.
 B = Non-inter-level travel turns spent in this place as a percentage of non-inter-level travel turns spent in the entire game.
 C = Inter-level travel turns spent in this place as a percentage of turns spent in this place.
 D = Turns resting spent in this place as a percentage of non-inter-level travel turns spent in this place.
 E = Turns spent auto-exploring this place as a percentage of non-inter-level travel turns spent in this place.
 F = Non-inter-level travel turns spent in this place divided by the number of levels of this place that you've seen.
                   A       B       C       D       E      F
               +-------+-------+-------+-------+-------+----------------------
         Total | 100.0 | 100.0 |   0.3 |   1.6 |   9.7 | 240.3
       Dungeon | 100.0 | 100.0 |   0.3 |   1.6 |   9.7 | 240.3
               +-------+-------+-------+-------+-------+----------------------

Table legend:
 A = Kills in this place as a percentage of kills in entire the game.
 B = Kills by you in this place as a percentage of kills by you in the entire game.
 C = Kills by friends in this place as a percentage of kills by friends in the entire game.
 D = Other kills in this place as a percentage of other kills in the entire game.
 E = Experience gained in this place as a percentage of experience gained in the entire game.
 F = Experience gained in this place divided by the number of levels of this place that you have seen.
                   A       B       C       D       E      F
               +-------+-------+-------+-------+-------+----------------------
         Total | 100.0 | 100.0 |  -nan |  -nan | 100.0 | 275.1
       Dungeon | 100.0 | 100.0 |  -nan |  -nan | 100.0 | 275.1
               +-------+-------+-------+-------+-------+----------------------

Vanquished Creatures
  Prince Ribbit (D:6)
  Eustachio (D:6)
  A sky beast (D:6)
  3 phantoms
  A gnoll sergeant (D:6)
  A giant frog (D:4)
  A scorpion (D:6)
  A giant frog zombie (D:4)
  A giant frog skeleton (D:6)
  A jelly (D:5)
  2 orc wizards (D:5)
  A centaur skeleton (D:4)
  3 worker ants
  An iguana (D:6)
  A hound skeleton (D:4)
  7 adders
  5 gnolls (D:6)
  An adder zombie (D:5)
  5 worms
  5 giant geckos
  11 orcs
  4 goblins
  6 hobgoblins
  3 jackals (D:5)
  4 kobolds (D:2)
  4 quokkas
  4 bats
  5 giant cockroaches
  6 giant newts
  A jackal zombie (D:6)
  2 quokka skeletons (D:6)
  10 rats
103 creatures vanquished.
